 Dungeon Crawl Stone Soup version 0.32-a0-705-g60f233581c (webtiles) character file.

Game seed: 12877265432528626615

4817 cforsyth the Arsonist (level 10, -5/88 HPs)
             Began as a Mountain Dwarf Cinder Acolyte on Mar 14, 2024.
             Was a High Priest of Ignis.
             Slain by a hornet (11 damage)
             ... on level 8 of the Dungeon.
             The game lasted 00:20:56 (10852 turns).

cforsyth the Arsonist (MDCA)                       Turns: 10852, Time: 00:20:57

Health: -5/88      AC: 10    Str: 21    XL:     10   Next: 24%
Magic:  14/18      EV:  7    Int: 19    God:    Ignis [*****.]
Gold:   376        SH:  0    Dex:  5    Spells: 15/20 levels left

rFire   + . .        H - +7 war axe of the Coin {flame, ^Contam rElec rCorr Str+4}
rCold   . . .        (no shield)
rNeg    . . .        f - +0 chain mail
rPois   .            (no helmet)
rElec   +            (no cloak)
rCorr   +            (no gloves)
SInv    +            (no boots)
Will    +....        (no amulet) Stlth
                     v - ring of see invisible
HPRegen 0.34/turn    (no ring)
MPRegen 0.16/turn

%: no passive effects
@: about to teleport, slowed, very slow
A: runic magic, artefact enchanting
a: Renounce Religion, Fiery Armour, Foxfire Swarm, Rising Flame


You were on level 8 of the Dungeon.
You worshipped Ignis.
Ignis was extremely pleased with you.
You visited 2 branches of the dungeon, and saw 9 of its levels.

You collected 376 gold pieces.


Innate Abilities, Weirdness & Mutations

Your spellcasting is much less encumbered by armour.
You can use scrolls of enchantment on lesser artefacts.


   Skills:
 + Level 8.1 Fighting
 + Level 8.9 Axes
 + Level 7.3 Armour
 + Level 5.6 Spellcasting
 + Level 9.0 Fire Magic


You had 15 spell levels left.
You knew the following spells:

 Your Spells              Type           Power      Damage    Failure   Level
f - Inner Flame           Hex/Fire       22%        N/A       9%          3
X - Scorch                Fire           78%        2d8       1%          2

Your spell library contained the following spells:

 Spells                   Type           Power      Damage    Failure   Level
 Volatile Blastmotes      Fire/Tloc      44%        2d13      9%          3
 Call Imp                 Summ           10%        N/A       26%         2
 Sublimation of Blood     Necr           5%         N/A       26%         2
 Fulminant Prism          Conj/Alch      2%         3d5       87%         4
 Iskenderun's Mystic Bla  Conj/Tloc      5%         2d3       87%         4
 Irradiate                Conj/Alch      2%         3d12      99%         5
 Summon Hydra             Summ           2%         N/A       100%        7
 Ignition                 Fire           19%        3d7       100%        8

Inventory:

Hand Weapons
 i - a +0 hand axe of electrocution
 H - the +7 war axe of the Coin (weapon) {flame, ^Contam rElec rCorr Str+4}
   (You found it on level 8 of the Dungeon)

   Str+4:     It affects your strength (+4).
   rElec:     It insulates you from electricity.
   ^Contam:   It causes magical contamination when unequipped.
   rCorr:     It protects you from acid and corrosion.
 I - the +5 woodcutter's axe
   (You took it off a gnoll bouda on level 7 of the Dungeon)
Armour
 b - a +0 robe
 f - a +0 chain mail (worn)
 K - a +0 plate armour
Magical Staves
 B - a staff of earth {!a}
Jewellery
 v - a ring of see invisible (left hand)
 F - a ring of fire
Wands
 y - a wand of flame (15)
Scrolls
 c - 2 scrolls of silence {unknown}
 d - 2 scrolls of teleportation {@r2}
 k - 2 scrolls of butterflies {unknown}
 o - 2 scrolls of enchant armour {unknown}
 q - a scroll of blinking {unknown}
 t - a scroll of poison {unknown}
 z - a scroll of brand weapon {unknown}
 A - 2 scrolls of vulnerability {unknown}
 E - 2 scrolls of immolation {unknown}
Potions
 a - 2 potions of haste {unknown}
 e - a potion of curing {@q1}
 g - a potion of resistance {unknown}
 h - a potion of invisibility {unknown}
 m - a potion of berserk rage {unknown}
 n - 3 potions of ambrosia
 r - 4 potions of mutation
 s - 2 potions of brilliance
 w - a potion of enlightenment {unknown}
 x - a potion of cancellation {unknown}
 C - a potion of lignification {unknown}
 G - a potion of degeneration {unknown}

Dungeon Overview and Level Annotations

Branches:
Dungeon (8/15)             Temple (1/1) D:6
   Lair: D:8-11

Altars:
Ashenzari
Cheibriados
Dithmenos
Fedhas
Gozag
Hepliaklqana
Kikubaaqudgha
Makhleb
Nemelex Xobeh
Okawaru
Qazlal
Ru
Sif Muna
Trog
Uskayaw
Vehumet
Wu Jian
Xom
Yredelemnul
Zin
The Shining One

Annotations:
D:7 Jeremiah

#.# #. #####.##
#. #......# #.
#.###).# #. #.#
#<.# #. #.# #..#
##. #.# #h.# #..
##########.###..#
#..
#..........@....#
#..
#.########y####.#
##.
####.########z##
.# #.
#...z.z.zy...z.#
.. ..
#.#..######....#
### ##. #.≈≈.#
#.##.# #. #.≈≈.#
#.##.# #. #.≈≈y#
#.##.# #.≈≈.#
###.##.#


You could see a hornet and 2 wights.


Message History

* * * LOW HITPOINT WARNING * * *
You feel as though you will be slow longer.
Unknown command.
Unknown command.
Unknown command.
Unknown command.
You feel much better.
You feel very sick. The hornet stings you.
* * * LOW HITPOINT WARNING * * *
You are lethally poisoned!
You feel as though you will be slow longer.
The hornet stings you!
* * * LOW HITPOINT WARNING * * *
You feel as though you will be slow longer.
Unknown command.
Unknown command.
Unknown command.
Unknown command.
As you read the scroll labelled BOBETW TOMEUT, it crumbles to dust.
You feel strangely unstable.
It was a scroll of teleportation.
* * * LOW HITPOINT WARNING * * *
You feel extremely sick. The hornet barely misses you. x2
Unknown command.
Unknown command.
Unknown command.
You feel better. The hornet completely misses you. The hornet stings you!
You die...
Ignis goes out, and joins you in death.

Skill      XL: |  1  2  3  4  5  6  7  8  9 10 |
---------------+-------------------------------+-----
Armour         | 1 2 3 4 5 6 7 |  7.3
Fire Magic     | 4 5 6 7 8 9 |  9.0
Axes           | 4 5 6 7 8 |  8.9
Fighting       | 4 5 6 7 8 |  8.1
Spellcasting   | 2 3 4 5 |  5.6

Action                     |  1- 3 |  4- 6 |  7- 9 | 10-12 || total
---------------------------+-------+-------+-------+-------++-------
  Melee: Hand axe          |    75 |    11 |    59 |       ||   145
         War axe           |       |       |       |     3 ||     3
   Cast: Scorch            |    29 |    61 |   138 |    35 ||   263
         Inner Flame       |       |       |     2 |       ||     2
  Evoke: Wand              |       |     5 |     7 |     7 ||    19
    Use: Scroll            |       |       |     5 |     1 ||     6
         Potion            |       |       |       |     7 ||     7
   Stab: Paralysed         |       |     9 |    23 |       ||    32
 Armour: Robe              |    38 |       |       |       ||    38
         Chain mail        |    34 |    42 |   137 |    54 ||   267
  Dodge: Dodged            |    31 |    10 |    34 |    13 ||    88

Levels and vault maps discovered:
D:1:      dpeg_arrival_pits, layout_basic, dreamdust_ecumenical_altar_statues
D:2:      layout_basic, serial_park_tiny_2, st_stairs_12,
          kennysheep_nondescript, minmay_box_of_dots
D:3:      layout_basic
D:4:      layout_basic, mainiacjoe_overflow_paths, mainiacjoe_overflow_alcove_4,
          chequers_jeans, minmay_misc_feat_pillars, uniq_duvessa
D:5:      layout_rooms, minmay_misc_feat_square
D:6:      layout_loops_cross, amcnicky_altar_gilded, old_standard_altar,
          lemuel_tele_altar, minmay_temple_entry_proselytizer, kennysheep_donut
D:7:      layout_basic, nicolae_overflow_crystal_walls,
          eat_drink_and_be_merry_uskayaw, nzn_wu_jian_council_hall,
          pf_guarded_unrand_woodcutter, uniq_jeremiah
D:8:      layout_loops_ring, minmay_crystal_room, nicolae_wooded_promenade,
          uniq_psyche, uniq_grum
Temple:   hellmonk_temple_forest_ring

Notes
Turn   | Place    | Note
-------+----------+-------------------------------------------
     0 | D:1      | cforsyth the Mountain Dwarf Cinder Acolyte began the quest
                  | for the Orb.
     0 | D:1      | Reached XP level 1. HP: 19/19 MP: 2/2
    58 | D:1      | Reached XP level 2. HP: 5/26 MP: 3/3
   148 | D:1      | Learned a level 2 spell: Scorch
   544 | D:1      | HP: 2/26 [hobgoblin/staff of death (7)]
   655 | D:1      | Found a faded altar of an unknown god.
   699 | D:1      | Reached skill level 1 in Armour
   859 | D:1      | Reached skill level 4 in Fire Magic
   859 | D:1      | Reached XP level 3. HP: 30/31 MP: 2/5
  1164 | D:2      | Reached skill level 4 in Axes
  2481 | D:3      | Reached XP level 4. HP: 31/40 MP: 2/6
  2707 | D:3      | Reached skill level 4 in Fighting
  2822 | D:3      | Reached skill level 2 in Armour
  3220 | D:3      | Reached XP level 5. HP: 46/46 MP: 2/7
  3437 | D:4      | Noticed Dowan
  3437 | D:4      | Noticed Duvessa
  3588 | D:4      | Noticed an ogre
  3598 | D:4      | Killed an ogre
  3599 | D:4      | Reached skill level 2 in Spellcasting
  3693 | D:4      | Noticed an ogre
  3703 | D:4      | Killed an ogre
  3704 | D:4      | Reached skill level 5 in Fire Magic
  3704 | D:4      | Reached XP level 6. HP: 53/53 MP: 9/9
  3747 | D:4      | Identified the +1 leather armour of the Gloaming {rElec
                  | Int+2}
  3893 | D:4      | Reached skill level 5 in Axes
  3893 | D:4      | Reached skill level 3 in Armour
  4264 | D:4      | Found an ancient bone altar of Kikubaaqudgha.
  4285 | D:4      | Found a burning altar of Makhleb.
  4744 | D:4      | Killed Duvessa
  4745 | D:4      | Reached XP level 7. HP: 54/60 MP: 1/11
  4935 | D:4      | Killed Dowan
  4936 | D:4      | Reached skill level 5 in Fighting
  5178 | D:5      | Entered Level 5 of the Dungeon
  5439 | D:5      | Reached skill level 3 in Spellcasting
  5619 | D:5      | Reached skill level 4 in Armour
  5632 | D:5      | Reached skill level 6 in Fire Magic
  5635 | D:5      | Reached skill level 6 in Axes
  5788 | D:5      | Learned a level 3 spell: Inner Flame
  5817 | D:5      | Reached XP level 8. HP: 69/69 MP: 8/13
  6184 | D:6      | Found a blossoming altar of Fedhas.
  6472 | D:6      | Found a radiant altar of Vehumet.
  6561 | D:6      | Reached skill level 6 in Fighting
  6732 | D:6      | Reached skill level 5 in Armour
  6992 | D:6      | Found a staircase to the Ecumenical Temple.
  6996 | D:6      | Reached skill level 4 in Spellcasting
  7001 | Temple   | Entered the Ecumenical Temple
  7059 | D:6      | Found a snail-covered altar of Cheibriados.
  7067 | D:6      | Reached skill level 7 in Fire Magic
  7305 | D:7      | Found a glowing silver altar of Zin.
  7312 | D:7      | Noticed Jeremiah
  7411 | D:7      | Reached skill level 7 in Axes
  7462 | D:7      | Found a hide-covered altar of Uskayaw.
  7824 | D:7      | Reached XP level 9. HP: 78/78 MP: 3/15
  8094 | D:7      | Found an ornate altar of the Wu Jian Council.
  9319 | D:8      | Reached skill level 7 in Fighting
  9319 | D:8      | Reached skill level 6 in Armour
  9569 | D:8      | Noticed a two-headed ogre
  9587 | D:8      | Killed a two-headed ogre
  9588 | D:8      | Reached skill level 8 in Axes
  9588 | D:8      | Reached skill level 5 in Spellcasting
  9588 | D:8      | Reached skill level 8 in Fire Magic
  9966 | D:8      | Noticed a boulder beetle
  9983 | D:8      | Killed a boulder beetle
  9984 | D:8      | Reached XP level 10. HP: 73/88 MP: 16/18
 10152 | D:8      | Noticed Psyche
 10165 | D:8      | Killed Psyche
 10166 | D:8      | Reached skill level 7 in Armour
 10236 | D:8      | Identified the +7 war axe of the Coin {flame, ^Contam rElec
                  | rCorr Str+4}
 10240 | D:8      | Noticed Grum
 10256 | D:8      | Killed Grum
 10257 | D:8      | Reached skill level 8 in Fighting
 10739 | D:8      | Reached skill level 9 in Fire Magic
 10824 | D:8      | Paralysed by a hornet for 2 turns
 10829 | D:8      | Paralysed by a hornet for 2 turns
 10845 | D:8      | HP: 8/88 [hornet (1)]
 10846 | D:8      | Paralysed by a hornet for 3 turns
 10849 | D:8      | HP: 2/88 [hornet (6)]
 10852 | D:8      | Slain by a hornet

Vanquished Creatures
  A boulder beetle (D:8)
  A two-headed ogre (D:8)
  Psyche (D:8)
  A wyvern (D:8)
  2 steam dragons (D:8)
  Grum (D:8)
  Duvessa (D:4)
  3 water moccasins
  An orc warrior (D:7)
  A sky beast (D:6)
  2 black bears
  3 ogres
  A centaur (D:7)
  3 wolves (D:8)
  5 gnoll sergeants
  2 bullfrogs (D:6)
  A scorpion (D:5)
  4 wights (D:8)
  Dowan (D:4)
  An electric eel (D:6)
  5 howler monkeys
  2 gnoll boudas (D:7)
  3 hounds
  An orc priest (D:6)
  2 iguanas (D:5)
  A sleepcap (D:5)
  An orc wizard (D:3)
  12 gnolls
  5 adders
  A white imp (D:6)
  2 ufetubi (D:5)
  3 dart slugs
  12 orcs
  5 ball pythons
  13 endoplasms
  4 giant cockroaches
  8 goblins
  6 hobgoblins
  4 jackals
  5 quokkas
  3 bats
  A frilled lizard (D:1)
  7 kobolds
  4 rats
146 creatures vanquished.

Vanquished Creatures (others)
  2 orcs (D:8)
2 creatures vanquished.

Grand Total: 148 creatures vanquished

Table legend: (Time is in decaauts)
 A = Elapsed time spent in this place.
 B = Non-inter-level travel time spent in this place.
 C = Inter-level travel time spent in this place.
 D = Time resting spent in this place.
 E = Time spent auto-exploring this place.
 F = Levels seen in this place.
 G = Mean time per level.
                   A        B        C        D        E       F      G
               +--------+--------+--------+--------+--------+-----+--------+
         Total |  10883 |  10608 |    275 |   2378 |   6259 |   9 | 1209.2 |
       Dungeon |  10881 |  10606 |    275 |   2378 |   6259 |   8 | 1360.1 |
        Temple |      1 |      1 |      0 |      0 |      0 |   1 |    1.0 |
               +--------+--------+--------+--------+--------+-----+--------+

Top non-repeatable levels by time:
     D:6: 2018 daAuts
     D:7: 1611 daAuts
     D:3: 1533 daAuts
     D:4: 1269 daAuts
     D:2: 1230 daAuts
     D:8: 1175 daAuts
     D:1: 1159 daAuts
     D:5: 883 daAuts
  Temple: 1 daAuts

Table legend:
 A = Non-vault XP
 B = Vault XP
 C = Vault XP percentage of total XP
 D = Non-vault monster count
 E = Vault monster count
 F = Vault count percentage of total count
                 A         B        C        D         E       F
            +---------+---------+-------+---------+---------+-------
      Total |    5279 |    1603 |  23.3 |     125 |      21 |  14.4
            +---------+---------+-------+---------+---------+-------
        D:1 |      41 |       0 |   0.0 |      22 |       0 |   0.0
        D:2 |      26 |       8 |  23.5 |      14 |       4 |  22.2
        D:3 |     138 |       0 |   0.0 |      21 |       0 |   0.0
        D:4 |     402 |     225 |  35.9 |      18 |       2 |  10.0
        D:5 |     642 |       0 |   0.0 |      13 |       0 |   0.0
        D:6 |     841 |     131 |  13.5 |      12 |       2 |  14.3
        D:7 |     650 |     387 |  37.3 |      15 |       8 |  34.8
        D:8 |    2539 |     852 |  25.1 |      10 |       5 |  33.3
            +---------+---------+-------+---------+---------+-------
